 Dungeon Crawl Stone Soup version 0.23.2 (webtiles) character file.

Game seed: 13484857633862858721

469 lysyklops the Covered (level 6, -7/56 HPs)
             Began as a Minotaur Fighter on Apr 6, 2019.
             Mangled by a gnoll sergeant
             ... wielding a +0 flail
              (11 damage)
             ... on level 5 of the Dungeon.
             The game lasted 00:05:00 (3773 turns).

lysyklops the Covered (Minotaur Fighter)            Turns: 3773, Time: 00:05:01

Health: -7/56      AC: 11    Str: 25    XL:     6   Next: 82%
Magic:  5/5        EV:  8    Int:  6    God:
Gold:   158        SH: 10    Dex:  9    Spells: 5/5 levels left

rFire    . . .     SeeInvis .   a - +0 war axe
rCold    . . .     Gourm    .   c - +0 shield
rNeg     . . .     Faith    .   b - +0 scale mail
rPois    .         Spirit   .   (helmet restricted)
rElec    .         Reflect  .   w - +0 cloak of Xiapimpe {rCorr Int+3}
rCorr    +         Harm     .   (no gloves)
MR       .....                  h - +1 pair of boots
Stlth    ..........             (no amulet)
HPRegen  0.18/turn              (no ring)
MPRegen  0.09/turn              (no ring)

@: no status effects
A: retaliatory headbutt, horns 2, dopey 1, strong 1
a: no special abilities


You were on level 5 of the Dungeon.
You were not hungry.

You visited 1 branch of the dungeon, and saw 5 of its levels.

You collected 158 gold pieces.

Inventory:

Hand Weapons
 a - a +0 war axe (weapon)
 y - a +0 vampiric war axe
Armour
 b - a +0 scale mail (worn)
 c - a +0 shield (worn)
 h - a +1 pair of boots (worn)
 w - the +0 cloak of Xiapimpe (worn) {rCorr Int+3}
   (You found it on level 4 of the Dungeon)

   It affects your intelligence (+3).
   It provides partial protection from all sources of acid and corrosion.
Jewellery
 e - an uncursed ring of wizardry {unknown}
 i - an uncursed amulet of the acrobat {unknown}
 n - an uncursed ring of wizardry {unknown}
Scrolls
 g - a scroll of blinking {unknown}
 j - 7 scrolls of identify {unknown}
 p - 2 scrolls of immolation {unknown}
 q - a scroll of random uselessness {unknown}
 r - 2 scrolls of amnesia {unknown}
 t - a scroll of teleportation {unknown}
 u - a scroll of magic mapping {unknown}
 v - 2 scrolls of enchant weapon {unknown}
 x - a scroll of noise {unknown}
Potions
 d - 2 potions of might
 k - 2 potions of resistance {unknown}
 l - a potion of degeneration {unknown}
 m - 2 potions of cancellation {unknown}
 o - 4 potions of flight {unknown}
 s - a potion of heal wounds {unknown}
 z - a potion of agility {unknown}
Comestibles
 f - 8 rations


   Skills:
 + Level 5.5 Fighting
 + Level 4.7 Axes
 + Level 5.8 Armour
 + Level 5.6 Shields


You had 5 spell levels left.
You didn't know any spells.
Your spell library was empty.

Dungeon Overview and Level Annotations

Branches:
Dungeon (5/15)
 Temple: D:4-7

Altars:


Innate Abilities, Weirdness & Mutations

You reflexively headbutt those who attack you in melee.
You have a pair of horns on your head.
You are dopey. (Int -2)
Your muscles are strong. (Str +2)


Message History

The worker ant zombie is severely damaged.
You hit the gnoll sergeant.
The worker ant zombie bites you but does no damage.
The gnoll sergeant hits you with a +0 flail.
* * * LOW HITPOINT WARNING * * *
The worker ant zombie bites you but does no damage.
The gnoll sergeant hits you but does no damage.
You see here 27 arrows.
You see here a +1 glaive of venom.
Your shield prevents you from hitting the gnoll sergeant.
The gnoll sergeant is moderately wounded.
The gnoll sergeant barely misses you. You furiously retaliate!
You headbutt the gnoll sergeant, but do no damage.
You hit the gnoll sergeant.
The gnoll sergeant is heavily wounded.
You block the gnoll sergeant's attack.
You barely miss the gnoll sergeant. You headbutt the gnoll sergeant.
The gnoll sergeant is severely wounded.
The gnoll sergeant hits you with a +0 flail!
You die...

# ################
###........†.....#
....############.#
##### #.# ### #.#
.... ## #.# ....
.. #@# #>##
.####.###g# .#
......g.gZ# #
#####.##..# ..
#..# ## #..# #.##
#.# #.#


You could see a gnoll sergeant, a gnoll and a worker ant zombie.

Vanquished Creatures
  An ogre (D:5)
  A scorpion (D:4)
  Terence (D:2)
  3 orc wizards
  2 worker ants (D:4)
  2 gnolls (D:5)
  A howler monkey skeleton (D:4)
  4 adders
  An ooze (D:2)
  4 worms
  3 dart slugs
  3 leopard geckos
  12 orcs
  6 bats
  7 giant cockroaches (D:2)
  8 goblins
  5 hobgoblins
  2 jackals (D:1)
  7 kobolds
  3 quokkas
  A ball python (D:1)
  2 frilled lizards
  A quokka skeleton (D:5)
  9 rats
89 creatures vanquished.

Notes
Turn   | Place    | Note
-------+----------+-------------------------------------------
     0 | D:1      | lysyklops the Minotaur Fighter began the quest for the Orb.
     0 | D:1      | Reached XP level 1. HP: 19/19 MP: 0/0
   188 | D:1      | Reached XP level 2. HP: 26/26 MP: 1/1
   933 | D:2      | Reached XP level 3. HP: 33/33 MP: 2/2
  1003 | D:2      | Noticed Terence
  1019 | D:2      | Killed Terence
  1019 | D:2      | Reached XP level 4. HP: 6/40 MP: 3/3
  1028 | D:2      | Gained mutation: You are dopey. (Int -2) [potion of
                  | mutation]
  1028 | D:2      | Gained mutation: Your muscles are strong. (Str +2) [potion
                  | of mutation]
  1028 | D:2      | HP: 2/40 [poisoned by an adder]
  1033 | D:2      | HP: 3/60 [poisoned by an adder]
  1039 | D:2      | HP: 1/40 [poisoned by an adder]
  1941 | D:3      | Reached XP level 5. HP: 37/47 MP: 4/4
  2421 | D:4      | Reached skill level 5 in Armour
  2915 | D:4      | Reached skill level 5 in Shields
  2923 | D:4      | Reached skill level 5 in Fighting
  2923 | D:4      | Reached XP level 6. HP: 47/56 MP: 5/5
  3461 | D:4      | Got a faintly glowing cloak
  3467 | D:4      | Identified the +0 cloak of Xiapimpe {rCorr Int+3} (You
                  | found it on level 4 of the Dungeon)
  3642 | D:5      | Entered Level 5 of the Dungeon
  3773 | D:5      | Mangled by a gnoll sergeant

Skill      XL: |  1  2  3  4  5 |
---------------+----------------+-----
Armour         | 4 5 |  5.8
Shields        | 4 5 |  5.6
Fighting       | 4 5 |  5.5
Axes           | 3 4 |  4.7

Action                   |  1- 3 |  4- 6 || total
-------------------------+-------+-------++-------
Melee: War axe           |    92 |   147 ||   239
       Headbutt          |     7 |    36 ||    43
  Use: Potion            |       |     2 ||     2
  Eat: Chunk             |       |     6 ||     6
       Ration            |       |     1 ||     1
Armor: Scale mail        |    72 |    61 ||   133
Dodge: Dodged            |    32 |    45 ||    77
Block: Shield            |    51 |    85 ||   136
